 Dungeon Crawl Stone Soup version 0.18.1-50-g88ac8fd (webtiles) character file.

108 Zekeros1 the Ruffian (level 4, -1/28 HPs)
             Began as a Gargoyle Monk on Sept 22, 2016.
             Killed from afar by Natasha (4 damage)
             ... with a magic dart
             ... on level 3 of the Dungeon.
             The game lasted 00:04:41 (1172 turns).

Zekeros1 the Ruffian (Gargoyle Monk)                Turns: 1172, Time: 00:04:41

Health: -1/28      AC:  5    Str: 15    XL:     4   Next: 87%
Magic:  4/4        EV: 13    Int: 10    God:
Gold:   141        SH:  0    Dex: 13    Spells: 0 memorised, 3 levels left

rFire  . . .     SeeInvis .       - Unarmed
rCold  . . .     Gourm    .     a - +0 robe
rNeg   + . .     Faith    .     (no shield)
rPois  ∞         Spirit   .     (no helmet)
rElec  +         Dismiss  .     (no cloak)
rCorr  .         Reflect  .     (no gloves)
SustAt .         Harm     .     (no boots)
MR     .....                    (no amulet)
Stlth  ++........               (no ring)
                                (no ring)

@: not resistant to hostile enchantments, unstealthy
A: negative energy resistance 1, electricity resistance, unbreathing,
petrification resistance, rot immunity, AC +3
a: no special abilities


You were on level 3 of the Dungeon.
You were not hungry.

You visited 1 branch of the dungeon, and saw 3 of its levels.

You collected 141 gold pieces.

Inventory:

Armour
 a - a +0 robe (worn)
Scrolls
 g - 8 scrolls of identify {unknown}
 h - 3 scrolls of fear {unknown}
 i - 2 scrolls of remove curse {unknown}
 j - a scroll of magic mapping {unknown}
 k - a scroll of recharging {unknown}
 l - a scroll of immolation {unknown}
 n - a scroll of enchant weapon {unknown}
Potions
 c - 2 potions of invisibility {unknown}
 e - 2 potions of mutation {unknown}
 f - 5 potions of curing {unknown}
 m - a potion of berserk rage {unknown}
Comestibles
 b - 3 bread rations
 d - a meat ration
 o - 3 fruits


   Skills:
 + Level 3.6 Fighting
 + Level 3.2 Dodging
 + Level 3.4 Stealth
 + Level 4.7 Unarmed Combat


You had 3 spell levels left.
You didn't know any spells.

Dungeon Overview and Level Annotations

Branches:
Dungeon (3/15)

Altars:

Annotations:
D:3 Natasha


Innate Abilities, Weirdness & Mutations

You are resistant to torment.
Your stone body is resilient (AC +3).
You are immune to poison.
You resist negative energy.
You are resistant to electric shocks.
You can survive without breathing.
You are immune to petrification.
You are immune to rotting.


Message History

You closely miss the giant gecko. The giant gecko misses you.
You closely miss the giant gecko. The giant gecko barely misses you.
You barely miss the giant gecko.
The giant gecko bites you but does no damage.
You hit the giant gecko but do no damage.
The giant gecko bites you but does no damage.
You closely miss the giant gecko. The giant gecko misses you.
The giant gecko barely misses you.
You hit the giant gecko.
The giant gecko is severely wounded.
The giant gecko bites you.
* * * LOW HITPOINT WARNING * * *
You hit the giant gecko.
You kill the giant gecko!
You start resting.
Natasha, Servant of Life and Death comes into view.
Natasha is nearby!
Natasha casts a spell at you. The magic dart hits you!
You die...

### #..###............##
#...#...# #.......#####
......#.# #.......<##
......#.####.........#
........#..........#.##
..........##...........#
........†..#.(h....##..#
............######.# ..#
.....#.@...........>....
....................## .
......##.............
........##...##.......
#.....#..(†### ####
####. ####.## # #..#
##...# ##..#


You could see Natasha.

Vanquished Creatures
  Natasha (twice) (D:3)
  An adder (D:2)
  3 dart slugs
  4 giant geckos
  An orc (D:3)
  A giant cockroach (D:1)
  6 hobgoblins
  5 bats
  4 giant newts
  3 goblins
  5 kobolds
  8 rats
43 creatures vanquished.

Notes
Turn   | Place    | Note
--------------------------------------------------------------
     0 | D:1      | Zekeros1 the Gargoyle Monk began the quest for the Orb.
     0 | D:1      | Reached XP level 1. HP: 14/14 MP: 1/1
    43 | D:1      | Reached XP level 2. HP: 13/19 MP: 2/2
   447 | D:2      | Reached XP level 3. HP: 22/23 MP: 3/3
  1045 | D:3      | Noticed Natasha
  1061 | D:3      | Killed Natasha
  1061 | D:3      | Reached XP level 4. HP: 13/28 MP: 4/4
  1135 | D:3      | Noticed Natasha
  1145 | D:3      | Killed Natasha
  1172 | D:3      | Noticed Natasha
  1172 | D:3      | Killed from afar by Natasha

Skill      XL: |  1  2  3 |
---------------+----------+-----
Dodging        | 3 |  3.2
Stealth        | 3 |  3.4
Fighting       | |  3.6
Unarmed Combat | |  4.7

Action                   |  1- 3 |  4- 6 || total
-------------------------+-------+-------++-------
Melee: Unarmed           |   127 |    16 ||   143
       Punch             |     3 |       ||     3
 Stab: Sleeping          |     7 |       ||     7
  Eat: Bread ration      |     1 |       ||     1
Armor: Robe              |    42 |     6 ||    48
Dodge: Dodged            |    88 |    10 ||    98
